 Dungeon Crawl Stone Soup version 0.29-a0-972-g43c84944fd (webtiles) character file.

Game seed: 3417774527415018824

4149 DungeonMaster the Fighter (level 10, -2/78 (80) HPs)
             Began as a Demonspawn Wanderer on July 31, 2022.
             Was an Initiate of Gozag.
             Slain by a hornet (6 damage)
             ... while paralysed by a hornet
             ... on level 8 of the Dungeon.
             The game lasted 00:19:14 (9641 turns).

DungeonMaster the Fighter (Demonspawn Wanderer)     Turns: 9641, Time: 00:19:15

HP:   -2/78 (80)    AC: 13    Str: 21    XL:     10   Next: 7%
MP:   0/11          EV:  2    Int: 17    God:    Gozag
Gold: 767           SH:  0    Dex: 18    Spells: 9/9 levels left

rFire   . . .      SeeInvis .   a - +9 dagger "Aphauk" {speed, Int+3 Dex+3}
rCold   . . .      Faith    .   e - +1 buckler of the Eagle {rElec Str+4}
rNeg    . . .      Spirit   +   c - +5 ring mail of Lethargy {rElec Stlth+}
rPois   .          Reflect  .   y - +0 helmet {Int+3}
rElec   +          Harm     .   (no cloak)
rCorr   +          Rampage  .   (gloves unavailable)
Will    .....                   (no boots)
Stlth   ++........              u - amulet of guardian spirit
HPRegen 0.23/turn               h - ring of resist corrosion
MPRegen 0.12/turn               (no ring)

@: paralysed, lethally poisoned (-2 -> -28), slowed, lightly drained
A: demonic guardian 2, demonic magic 2, demonic touch 3
a: Renounce Religion, Potion Petition, Call Merchant, Bribe Branch


You were on level 8 of the Dungeon.
You worshipped Gozag.
Gozag was pleased with you.
You visited 2 branches of the dungeon, and saw 9 of its levels.

You collected 1659 gold pieces.
You spent 138 gold pieces at shops.
You paid 754 gold pieces to Gozag.

Inventory:

Hand Weapons
 a - the +9 dagger "Aphauk" (weapon) {speed, Int+3 Dex+3}
   (You found it on level 3 of the Dungeon)

   Attacks with this weapon are significantly faster.
   Int:       It affects your intelligence (+3).
   Dex:       It affects your dexterity (+3).
Missiles
 o - 16 poisoned darts (quivered)
 x - a boomerang
 C - 4 javelins
Armour
 c - the +5 ring mail of Lethargy (worn) {rElec Stlth+}
   (You found it on level 5 of the Dungeon)

   rElec:     It insulates you from electricity.
   Stlth:     It makes you more stealthy.
 e - the +1 buckler of the Eagle (worn) {rElec Str+4}
   (You found it on level 7 of the Dungeon)

   Str:       It affects your strength (+4).
   rElec:     It insulates you from electricity.
 l - the +1 robe "Zeisotze" {rF+ Str-4 Int+7}
   (You found it on level 2 of the Dungeon)

   Str:       It affects your strength (-4).
   Int:       It affects your intelligence (+7).
   rF:        It protects you from fire.
 y - a +0 helmet of intelligence (worn)
Magical Staves
 s - a staff of cold
Jewellery
 h - a ring of resist corrosion (left hand)
 q - a ring of flight
 u - an amulet of guardian spirit (around neck)
Wands
 g - a wand of paralysis (1)
 i - a wand of flame (15)
 w - a wand of acid (7)
Scrolls
 b - 3 scrolls of poison
 d - a scroll of silence
 p - 3 scrolls of teleportation
 r - a scroll of fog
 v - a scroll of summoning
 D - a scroll of amnesia {unknown}
Potions
 f - 2 potions of brilliance
 j - a potion of heal wounds {unknown}
 k - 3 potions of curing
 m - a potion of resistance {unknown}
 n - 2 potions of haste {unknown}
 t - a potion of mutation {unknown}
 z - a potion of flight {unknown}
 A - 2 potions of ambrosia {unknown}
 B - a potion of experience {unknown}


   Skills:
 * Level 8.0 Fighting
 - Level 1.7 Axes
 - Level 2.6 Staves
 * Level 7.9 Armour
 * Level 7.3 Dodging
 * Level 3.4 Shields
 - Level 2.4 Invocations


You had 9 spell levels left.
You didn't know any spells.
Your spell library contained the following spells:

 Spells                   Type           Power      Damage    Failure   Level
 Ensorcelled Hibernation  Hex/Ice        0%         N/A       56%         2
 Passwall                 Tmut/Erth      0%         N/A       56%         2
 Gell's Gravitas          Tloc           0%         N/A       80%         3
 Lesser Beckoning         Tloc           0%         N/A       80%         3
 Ozocubu's Armour         Ice            0%         N/A       80%         3
 Swiftness                Air            0%         N/A       80%         3
 Teleport Other           Tloc           0%         N/A       80%         3
 Metabolic Englaciation   Hex/Ice        0%         N/A       100%        5
 Simulacrum               Ice/Necr       Unusable   N/A       N/A         6

Dungeon Overview and Level Annotations

Branches:
Dungeon (8/15)             Temple (1/1) D:4
   Lair: D:8-11

Altars:
Ashenzari
Cheibriados
Dithmenos
Fedhas
Gozag
Okawaru
Qazlal
Ru
Sif Muna
Trog
Uskayaw
Vehumet
Wu Jian

Shops:
D:5 [   D:7 =*

Annotations:
D:4 1 runed translucent door, Crazy Yiuf


Innate Abilities, Weirdness & Mutations

A demonic guardian rushes to your aid.
Spells you cast may paralyse nearby enemies.
Your touch may irresistibly damage your foes and sap their willpower.


Message History

You feel yourself speed up.
The hornet stings you but does no damage.
The hornet stings you.
You are poisoned.
You feel yourself slow down.
You hit the hornet.
The hornet is severely wounded.
You feel yourself speed up.
You feel very sick.
The hornet looks more healthy.
The hornet stings you!
You are more poisoned.
You feel yourself slow down. You block the wight's attack.
The hornet stings you but does no damage.
You hit the hornet.
The hornet is severely wounded.
You feel yourself speed up.
You feel very sick. The wight barely misses you. You block the hornet's attack.
You closely miss the hornet.
The hornet is severely wounded.
You feel very sick. The hornet stings you!
You are more poisoned.
You suddenly lose the ability to move!
The wight hits you with a +0 great sword!
You feel drained.
A centaur comes into view.
* * * LOW HITPOINT WARNING * * *
You feel very sick.
The hornet stings you but does no damage.
The wight hits you but does no damage. The hornet stings you!
* * * LOW HITPOINT WARNING * * *
A demonic guardian appears!
You are more poisoned.
You feel yourself slow down.
* * * LOW HITPOINT WARNING * * *
You feel extremely sick. The hornet stings you!
You die...
Your body crumbles into a pile of gold.

#......## ###o#...#
#..#....#### ####......#..
#.####<.....####...........
. ##
##......................
#................. ####
#............>...#
##....4..........##
#.......z.........#
##...#..@y...c.....##
##..#######..........##
#..## ###.........## ##..#
#........... ##..##
##........... ##..##
##............ #..##
#....^###.((.. #### #....##
...( #...## ...


You could see a hornet, a centaur, a wight (ally target) and a friendly rust
devil (summoned).

Vanquished Creatures
  A troll (D:5)
  A wyvern (D:8)
  A wraith (D:7)
  An acid dragon (D:7)
  A water moccasin (D:5)
  A black bear (D:7)
  4 ice beasts
  2 orc warriors
  2 sky beasts
  A centaur (D:5)
  3 kobold brigands
  A phantom (D:5)
  5 bullfrogs
  3 scorpions (D:5)
  2 necrophages
  14 killer bees
  4 orc priests
  4 hounds
  5 iguanas
  Jessica (D:2)
  8 orc wizards
  2 gnolls (D:3)
  7 adders
  2 shadow imps
  A white imp (D:5)
  An ufetubus (D:3)
  2 worms (D:2)
  A dart slug (D:3)
  18 orcs
  A bat (D:1)
  5 endoplasms
  3 giant cockroaches
  4 goblins
  5 hobgoblins (D:2)
  11 jackals
  5 quokkas
  4 ball pythons
  3 frilled lizards
  14 kobolds
  7 rats
161 creatures vanquished.

Vanquished Creatures (collateral kills)
  A black bear (D:6)
  A necrophage (D:7)
  An orc priest (D:4)
  An iguana (D:5)
  4 river rats (D:4)
  An orc (D:4)
9 creatures vanquished.

Vanquished Creatures (others)
  A plant (D:3)
1 creature vanquished.

Grand Total: 171 creatures vanquished

Notes
Turn   | Place    | Note
-------+----------+-------------------------------------------
     0 | D:1      | DungeonMaster the Demonspawn Wanderer began the quest for
                  | the Orb.
     0 | D:1      | DungeonMaster set off with the following items: a +0 vorpal
                  | quarterstaff, a +0 hand axe, a +0 ring mail, a scroll of
                  | silence.
     0 | D:1      | Reached XP level 1. HP: 13/13 MP: 2/2
   211 | D:1      | Found a faded altar of an unknown god.
   721 | D:1      | Gained mutation: Your touch may inflict minor irresistible
                  | damage on your foes. [demonic ancestry]
   721 | D:1      | Reached XP level 2. HP: 20/20 MP: 3/3
  1006 | D:2      | Reached skill level 1 in Fighting
  1017 | D:2      | Reached skill level 1 in Dodging
  1090 | D:2      | Noticed Jessica
  1096 | D:2      | Killed Jessica
  1097 | D:2      | Reached XP level 3. HP: 21/27 MP: 4/4
  1349 | D:2      | Identified the +1 robe "Zeisotze" {rF+ Str-4 Int+7}
  1657 | D:2      | Gained mutation: Spells you cast may paralyse adjacent
                  | enemies. [demonic ancestry]
  1657 | D:2      | Reached XP level 4. HP: 33/33 MP: 5/5
  1662 | D:2      | Reached skill level 2 in Fighting
  1917 | D:3      | Identified the +9 dagger "Aphauk" {speed, Int+3 Dex+3}
  2417 | D:3      | Gained mutation: A weak demonic guardian rushes to your
                  | aid. [demonic ancestry]
  2417 | D:3      | Reached XP level 5. HP: 22/39 MP: 2/6
  2608 | D:3      | Identified a scroll of acquirement
  2608 | D:3      | Acquired 668 gold pieces
  2946 | D:4      | Reached skill level 3 in Fighting
  3260 | D:4      | Gained mutation: A demonic guardian rushes to your aid.
                  | [demonic ancestry]
  3260 | D:4      | Reached XP level 6. HP: 16/47 MP: 2/7
  3465 | D:4      | Found a staircase to the Ecumenical Temple.
  3492 | Temple   | Entered the Ecumenical Temple
  3499 | Temple   | Became a worshipper of Gozag Ym Sagoz the Greedy
  4100 | D:4      | Found a runed translucent door.
  4101 | D:4      | Noticed Crazy Yiuf
  4190 | D:5      | Entered Level 5 of the Dungeon
  4547 | D:5      | Reached skill level 4 in Fighting
  4547 | D:5      | Gained mutation: Your touch may inflict irresistible damage
                  | on your foes. [demonic ancestry]
  4547 | D:5      | Reached XP level 7. HP: 38/54 MP: 6/8
  4893 | D:5      | Reached skill level 5 in Armour
  5249 | D:5      | Reached skill level 5 in Fighting
  5453 | D:5      | Identified the +5 ring mail of Lethargy {rElec Stlth+}
  5668 | D:5      | Noticed a troll
  5678 | D:5      | Killed a troll
  5679 | D:5      | Reached skill level 5 in Dodging
  5679 | D:5      | Gained mutation: Spells you cast may paralyse nearby
                  | enemies. [demonic ancestry]
  5679 | D:5      | Reached XP level 8. HP: 63/63 MP: 9/9
  6191 | D:5      | Bought a +0 helmet of intelligence for 138 gold pieces
  6232 | D:5      | Reached skill level 6 in Fighting
  6761 | D:6      | Noticed a gargoyle
  7089 | D:6      | Reached XP level 9. HP: 61/71 MP: 7/10
  7319 | D:7      | Identified the +1 buckler of the Eagle {rElec Str+4}
  7398 | D:7      | Reached skill level 7 in Fighting
  7431 | D:7      | Reached skill level 1 in Shields
  7797 | D:7      | Found Seqopi's Jewellery Emporium.
  7813 | D:7      | Found Noeset's Gadget Gallery.
  9223 | D:8      | Reached skill level 8 in Fighting
  9223 | D:8      | Gained mutation: Your touch may irresistibly damage your
                  | foes and sap their willpower. [demonic ancestry]
  9223 | D:8      | Reached XP level 10. HP: 62/80 MP: 7/11
  9639 | D:8      | Paralysed by a hornet for 3 turns
  9641 | D:8      | Slain by a hornet

Illustrated notes

Levels and vault maps discovered:
D:1:      dpeg_arrival_ternary, layout_loops_ring,
          dreamdust_ecumenical_altar_sealed_demon
D:2:      layout_basic, uniq_jessica
D:3:      wad_woods_tower, layout_basic
D:4:      layout_loops_ring, minmay_temple_entry_grid, portal_sewer_entry_b,
          uniq_crazy_yiuf_cottage
D:5:      layout_loops_corners
D:6:      layout_basic
D:7:      layout_basic, serial_shops, shop, nicolae_hexahallways,
          nicolae_shop_gadgets
D:8:      layout_layer_cave, lemuel_doored_altar, hangedman_decor_peaks_small
Temple:   nicolae_temple_no_exploring_needed

Skill      XL: |  1  2  3  4  5  6  7  8  9 |
---------------+----------------------------+-----
Fighting       | 1 2 3 4 5 6 8 |  8.0
Armour         | 3 4 5 6 7 |  7.9
Dodging        | 1 2 3 5 6 7 |  7.3
Shields        | 3 |  3.4
Axes           | |  1.7
Staves         | |  2.6
Invocations    | |  2.4

Action                   |  1- 3 |  4- 6 |  7- 9 | 10-12 || total
-------------------------+-------+-------+-------+-------++-------
Melee: Quarterstaff      |    73 |   161 |   121 |       ||   355
       Dagger            |       |       |   245 |    43 ||   288
       Touch             |       |       |    10 |       ||    10
       Punch             |       |       |     1 |       ||     1
Throw: Dart              |       |     5 |    25 |    10 ||    40
       Boomerang         |       |     4 |       |       ||     4
Invok: Call Merchant     |       |       |     1 |       ||     1
Evoke: Wand              |       |     3 |     5 |       ||     8
  Use: Scroll            |     4 |     9 |     3 |       ||    16
       Potion            |       |       |     1 |       ||     1
 Stab: Paralysed         |       |     3 |     4 |       ||     7
       Distracted        |       |     1 |     3 |     1 ||     5
       Sleeping          |       |       |     1 |       ||     1
Armor: Ring mail         |    43 |    50 |   117 |    12 ||   222
Dodge: Dodged            |    53 |    94 |   220 |    11 ||   378
Block: Buckler           |       |       |    46 |    12 ||    58

Table legend: (Time is in decaauts)
 A = Elapsed time spent in this place.
 B = Non-inter-level travel time spent in this place.
 C = Inter-level travel time spent in this place.
 D = Time resting spent in this place.
 E = Time spent auto-exploring this place.
 F = Levels seen in this place.
 G = Mean time per level.
                   A        B        C        D        E       F      G
               +--------+--------+--------+--------+--------+-----+--------+
         Total |   9627 |   9460 |    167 |   2361 |   5091 |   9 | 1069.7 |
       Dungeon |   9577 |   9410 |    167 |   2333 |   5091 |   8 | 1197.1 |
        Temple |     50 |     50 |      0 |     28 |      0 |   1 |   50.0 |
               +--------+--------+--------+--------+--------+-----+--------+

Top non-repeatable levels by time:
     D:5: 2269 daAuts
     D:7: 2020 daAuts
     D:4: 1365 daAuts
     D:2: 996 daAuts
     D:3: 972 daAuts
     D:1: 922 daAuts
     D:8: 667 daAuts
     D:6: 363 daAuts
  Temple: 50 daAuts
